[Event "WR Chess Masters 2023"]
[Site "Duesseldorf"]
[Date "2023.02.21"]
[Round "5.1"]
[White "Aronian, Levon"]
[Black "Giri, Anish"]
[Result "1-0"]
[ECO "C67"]
[WhiteElo "2736"]
[BlackElo "2780"]
[Annotator "TA"]
[PlyCount "95"]
[EventDate "2023.02.16"]
[EventCountry "GER"]
[SourceTitle "playchess.com"]
[Source "ChessBase"]
[SourceQuality "1"]
[TimeControl "40/7200:20/3600:900+30"]

1. e4 e5 2. Nf3 Nc6 3. Bb5 Nf6 4. O-O Nxe4 5. Re1 Nd6 6. a4 {[%emt 0:00:04] C67: Ruy Lopez: Berlin Defence: 4 0-0 Nxe4.} Be7 7. Nc3 a6 8. Bf1 {[%emt 0:00:06] The position is equal.} e4 {[%emt 0:00:03][%mdl 64] [#] Deflection} 9. Nxe4 Nxe4 10. Rxe4 d5 11. Re1 Bg4 12. h3 Bh5 13. Be2 O-O 14. d4 Re8 {[%emt 0:01:39] [#]} 15. Ne5 $5 $146 {[%emt 0:04:27][%mdl 8] New and interesting.} ({Predecessor:} 15. c3 Bd6 16. Bg5 Qd7 17. Qc2 h6 18. Be3 Bg6 19. Bd3 Be4 20. Nd2 Bxd3 21. Qxd3 {0-1 Blomqvist,E (2510)-Hakobyan,A (2620) Airthings Masters Play In rapid 2023 (8)}) 15... Bxe2 16. Rxe2 Nxe5 17. dxe5 Qd7 18. Qd3 Rad8 19. b3 Qe6 20. Bd2 Qg6 21. f4 f5 (21... Qxd3 $11 22. cxd3 c5) 22. b4 Qe6 (22... Bxb4 $11 {is more appropriate.} 23. Bxb4 Qb6+ 24. Kh2 Qxb4) 23. c3 $14 c5 {[%emt 0:06:37] [#]} 24. bxc5 $1 Bxc5+ 25. Be3 Bxe3+ 26. Qxe3 Rc8 27. Rb1 Qc6 28. Qd4 (28. Reb2 $5 ) 28... b5 29. axb5 axb5 30. Kh2 Red8 31. Re3 Qc4 32. Rg3 Qxd4 33. cxd4 $16 {[%emt 0:00:03][%mdl 4096] Endgame KRR-KRR} Rc4 34. Rxb5 {[%emt 0:00:06] Strongly threatening Rb7.} Rxd4 35. Rb7 g6 36. Ra3 {[%emt 0:01:21] And now Raa7 would win. White is more active.} Rxf4 37. Raa7 {[%emt 0:00:03] Rg7+ is the strong threat.} Re4 $2 {[%emt 0:18:34][%mdl 8192] This costs Black the game.} (37... Rh4 $16) 38. Rg7+ $18 Kf8 (38... Kh8 {is a better defense.} 39. Rxh7+ Kg8) 39. Raf7+ ({Not} 39. Rxh7 Kg8 40. Rhe7 Rh4 $18) 39... Ke8 40. Rxh7 {[%emt 0:00:00] White wants to mate with Rc7.} Rh4 41. Re7+ Kf8 42. Rhf7+ Kg8 43. Rg7+ Kh8 44. Rxg6 d4 45. Rd6 Rc8 (45... Rg8 {was called for.} 46. Rf7 Rc8) 46. Rf7 Rf4 $2 (46... Re4 47. Rxf5 Rc7) 47. e6 $2 (47. Rh6+ Kg8 48. e6) 47... Kg8 $2 (47... Re4 48. Re7 (48. Rxf5 Kg7 $18) 48... Rg8) 48. Rdd7 {[%emt 0:00:08] Weighted Error Value: White=0.22 (precise) /Black=0.34} 1-0

[Event "WR Chess Masters 2023"]
[Site "Duesseldorf"]
[Date "2023.02.21"]
[Round "5.2"]
[White "Nepomniachtchi, Ian"]
[Black "Gukesh D"]
[Result "1/2-1/2"]
[ECO "D26"]
[WhiteElo "2793"]
[BlackElo "2718"]
[Annotator "TA"]
[PlyCount "90"]
[EventDate "2023.02.16"]
[EventCountry "GER"]
[SourceTitle "playchess.com"]
[Source "ChessBase"]
[SourceQuality "1"]
[TimeControl "40/7200:20/3600:900+30"]

1. d4 d5 2. c4 dxc4 3. Nf3 Nf6 4. e3 e6 5. Bxc4 a6 6. O-O Be7 7. Qe2 {[%emt 0:08:19] 7.b3 injects fresh life into this line. D26: Queen's Gambit Accepted: 4 e3 e6 5 Bxc5 c5 sidelines.} b5 8. Bd3 Nbd7 9. a4 {[%emt 0:01:45] White is slightly better.} Bb7 10. Nbd2 O-O 11. b3 {[%emt 0:03:15] [#]} c5 $146 ({Predecessor:} 11... c6 12. Bb2 Re8 13. Rfc1 Nd5 14. Nf1 Bd6 15. Ng3 Bxg3 16. hxg3 Rc8 17. Qd2 {½-½ Goktepe,D (1697)-Ye,L (1893) PNWCC Super G60 Mar Gp2 rapid 2021 (3)}) 12. Bb2 cxd4 13. Bxd4 bxa4 14. bxa4 a5 15. Bb5 Bb4 16. Nc4 Qe7 17. Ne1 Nc5 18. Rd1 Nd5 19. Qb2 Rfc8 20. Bxc5 (20. Bxg7 f6 21. Bh6 Nxa4 22. Bxa4 Rxc4 $17) 20... Rxc5 21. Nd3 {[%emt 0:08:15] A dynamic duo of knights.} Rc7 {[%emt 0:06:53] White must now prevent ...Nc3.} 22. Rc1 {[%emt 0:00:00] Inhibits Nc3.} Qf6 $1 23. Nxb4 axb4 24. Qxf6 gxf6 25. Rb1 Ba6 26. Nd2 Bxb5 27. axb5 Ra4 28. Nb3 Nc3 29. b6 Rc6 30. b7 Rb6 $1 31. Rb2 Ra7 (31... Rxb7 32. Nc5 Rb5 33. Nxa4 Nxa4 34. Ra2 $16) 32. Nc5 {[%emt 0:00:32] [#]} Ra5 $1 {[%emt 0:00:23][%mdl 64] Deflection} 33. Nd3 {[%emt 0:00:48] [#]} (33. Nb3 $17 Rd5 34. Ra1 (34. e4 $2 Nxe4 35. g3 Rxb7 $19) 34... Rxb7 35. g3) 33... Rab5 ({Weaker is} 33... Rxb7 34. Rxb4 Rxb4 35. Nxb4 $11) (33... b3 $1 $19 {[%cal Oa5a2] And now ...Ra2! would win.} 34. Rc1 Na4) 34. Rc1 $15 Rxb7 {[%emt 0:00:24] Threatens to win with ...Rd7.} 35. Kf1 Nd5 $1 36. e4 Nc3 37. f3 Rd7 ({Black should try} 37... Kg7 $15) 38. Nxb4 $11 {[%emt 0:04:00] The position is equal.} Na4 39. Rb3 Rdb7 40. Rc8+ $1 Kg7 41. f4 $1 Rxb4 42. Rg3+ Kh6 43. Rh3+ Kg7 44. Rg3+ Kh6 45. Rh3+ Kg7 {[%emt 0:00:03] Weighted Error Value: White=0.09 (flawless) /Black=0.08 (flawless)} 1/2-1/2

[Event "WR Chess Masters 2023"]
[Site "Duesseldorf"]
[Date "2023.02.21"]
[Round "5.3"]
[White "Esipenko, Andrey"]
[Black "So, Wesley"]
[Result "1/2-1/2"]
[ECO "E53"]
[WhiteElo "2675"]
[BlackElo "2766"]
[Annotator "TA"]
[PlyCount "43"]
[EventDate "2023.02.16"]
[EventCountry "GER"]
[SourceTitle "playchess.com"]
[Source "ChessBase"]
[SourceQuality "1"]
[TimeControl "40/7200:20/3600:900+30"]

1. d4 Nf6 2. c4 e6 3. Nc3 Bb4 4. e3 O-O 5. Bd3 d5 6. a3 Bxc3+ 7. bxc3 dxc4 8. Bxc4 c5 9. Nf3 Qc7 10. Be2 b6 {[%emt 0:00:05] E53: Nimzo-Indian: Rubinstein: Main Line (4...0-0 5 Nf3 d5 6 Bd3 c5 7 0-0).} 11. Bb2 Bb7 12. O-O Nc6 {[%emt 0:00:05] White has an edge.} 13. c4 Rfd8 $1 {[%emt 0:02:26][%mdl 4] 13...Rfd8 is the recent fashion.} 14. Rc1 Na5 15. Nd2 {[%emt 0:06:13] [#]} Rac8 $146 ({Predecessor:} 15... cxd4 16. exd4 Qf4 17. Re1 Nc6 18. Nf3 Rac8 19. Bd3 Na5 20. Ne5 Qg5 21. g3 Qh5 {1-0 Sciarretta,R (2239)-Pazderski,L (2121) SA-2011-0-00181}) 16. Re1 h6 17. Bd3 Qe7 (17... Ne8 {seems wilder.} 18. Qe2 Nd6 19. Qg4 f5) 18. Qe2 Nc6 {[%emt 0:07:23][%cal Rc5d4] The position is equal.} 19. Nf3 Na5 20. Nd2 Nc6 21. Nf3 Na5 22. Nd2 {[%emt 0:15:38] Not much happened in this game.   Weighted Error Value: White=0.03 (flawless) /Black=0.04 (flawless)} 1/2-1/2

[Event "WR Chess Masters 2023"]
[Site "Duesseldorf"]
[Date "2023.02.21"]
[Round "5.4"]
[White "Keymer, Vincent"]
[Black "Abdusattorov, Nodirbek"]
[Result "1-0"]
[ECO "E48"]
[WhiteElo "2690"]
[BlackElo "2734"]
[Annotator "TA"]
[PlyCount "103"]
[EventDate "2023.02.16"]
[EventCountry "GER"]
[SourceTitle "playchess.com"]
[Source "ChessBase"]
[SourceQuality "1"]
[TimeControl "40/7200:20/3600:900+30"]

1. d4 Nf6 2. c4 e6 3. Nc3 Bb4 4. e3 O-O 5. Bd3 d5 6. cxd5 exd5 7. Nge2 Re8 8. O-O Nbd7 (8... b6 $11) 9. Qb3 $14 Bd6 10. Nxd5 Nxd5 {[%emt 0:00:31] White is slightly better.} 11. Qxd5 Nc5 {[%emt 0:00:54] Hoping for ...Bxh2+.} 12. Bxh7+ {[%emt 0:19:03][%mdl 64] Decoy} (12. dxc5 $2 {loses.} Bxh2+ 13. Kxh2 Qxd5 $19) (12. Bc4 Be6 13. Qf3 Bxc4 $17) 12... Kxh7 13. Qh5+ (13. dxc5 $2 {is the wrong capture.} Bxh2+ 14. Kxh2 Qxd5 $19) 13... Kg8 {[%emt 0:00:09] White must now prevent ...g6.} 14. dxc5 Re5 15. Qf3 Rxc5 16. Ng3 Bd7 17. e4 Qh4 18. Bd2 Rb5 {[%emt 0:16:25] Dodges Bb4} 19. Bc3 Re8 20. Rae1 (20. h3 {simplifies} Rg5 21. Nf5 Qxe4 22. Qxe4 Rxe4 23. Nxd6 cxd6 24. f3) 20... Rg5 21. e5 {[%emt 0:02:23][%mdl 64] Discovered Attack} Bc6 $1 22. Qd3 Bc5 ({Don't do} 22... Bxe5 23. f4 Bxc3 24. Rxe8+ Bxe8 25. fxg5 Qd4+ 26. Qxd4 Bxd4+ 27. Kh1 $16) 23. b4 Bb6 {[%emt 0:06:07] This pair of bishops is nice.} (23... Bxb4 $11 24. Bxb4 Qxb4) 24. b5 $36 {[%emt 0:07:53][%mdl 2048] White has good play.} Re6 {[%emt 0:00:06][%cal Oe6h6] ( -> ...Rh6!)} 25. Ne4 {[%emt 0:00:34] Chess con chili.} Rxg2+ {[%emt 0:09:29] White stays focused until the end.} 26. Kxg2 $16 Rg6+ 27. Kh1 Rh6 28. h3 (28. bxc6 $2 Qxh2#) 28... Bxb5 {[%emt 0:01:05] [#]} 29. Qf3 $1 $18 Bd7 {[%emt 0:10:15] [#]} (29... Bxf1 $142 30. Rxf1 Qxh3+ 31. Qxh3 Rxh3+ 32. Kg2 Rd3) (29... Qxh3+ 30. Qxh3) 30. e6 $1 Bxe6 {[%emt 0:06:36] [#]} 31. Rg1 $1 Qxh3+ 32. Qxh3 Rxh3+ 33. Kg2 Rh5 34. Kf3 {[%emt 0:01:10] Threatens to win with Nf6+.} Rf5+ 35. Ke2 g6 36. Rh1 {[%emt 0:02:00][%csl Gc3][%cal Rh1h8] Repels Kf8} Kf8 37. Bf6 Ke8 38. Rh8+ Kd7 39. Rd8+ Kc6 40. Bd4 Bxd4 41. Rxd4 {[%emt 0:01:19] And now Rc1+ would win.} b6 42. a3 Kb7 43. Rc1 Rh5 44. Ke3 a5 45. f3 Rb5 46. Rc3 Rh5 47. Rd1 a4 48. Rd4 {[%emt 0:00:51] White is clearly winning.} Ra5 49. Rb4 Re5 50. Kf2 c6 (50... Kb8 $142 51. Nc5 Bc8 52. Nxa4 Re6) 51. Nc5+ Kc7 52. Nxe6+ {[%emt 0:00:06] A cool game by Keymer.   Weighted Error Value: White=0.05 (flawless) /Black=0.24 (precise)} 1-0

[Event "WR Chess Masters 2023"]
[Site "Duesseldorf"]
[Date "2023.02.21"]
[Round "5.5"]
[White "Praggnanandhaa R"]
[Black "Duda, Jan-Krzysztof"]
[Result "1/2-1/2"]
[ECO "C42"]
[WhiteElo "2690"]
[BlackElo "2729"]
[Annotator "TA"]
[PlyCount "67"]
[EventDate "2023.02.16"]
[EventCountry "GER"]
[SourceTitle "playchess.com"]
[Source "ChessBase"]
[SourceQuality "1"]
[TimeControl "40/7200:20/3600:900+30"]

1. e4 e5 2. Nf3 Nf6 3. Nxe5 d6 4. Nf3 Nxe4 5. d4 d5 6. Bd3 Bf5 {[%emt 0:00:20] 6...Bd6 is becoming the main line. C42: Petroff Defence: 3 Nxe5 and unusual White 3rd moves.} 7. O-O Be7 8. Nc3 O-O 9. Ne5 {[%emt 0:00:13] Strongly threatening Qf3.} Nxc3 10. bxc3 Bxd3 11. cxd3 Nd7 12. Qb3 Nxe5 13. dxe5 Qd7 14. d4 b6 15. f4 {[%emt 0:01:28] [#]} f5 $146 ({Predecessor:} 15... f6 16. Ba3 Bxa3 17. Qxa3 fxe5 18. fxe5 a5 19. h3 Qe6 20. Qb2 Rxf1+ 21. Rxf1 Rf8 22. Rxf8+ Kxf8 {1-0 Saric,I (2681)-Rakhmanov,A (2615) TUR-chT Konya 2019 (9.5)}) 16. a4 Qe6 17. Ba3 {[%emt 0:09:44] Black must now prevent Bxe7.} Bxa3 18. Rxa3 c6 19. Ra2 Rfd8 20. h3 Rd7 21. Rb1 Rad8 22. Qd1 Kf8 23. Kh2 Ke8 24. Rc2 Rc8 25. Rbc1 g6 26. Qf3 Kd8 27. c4 dxc4 28. Rxc4 Rd5 {[%emt 0:00:13] [#]} 29. g4 (29. a5 $1 $16 ) 29... Rc7 $11 {[%emt 0:03:15] The position is equal.} 30. gxf5 gxf5 31. Qc3 Qh6 32. Qf3 {[%emt 0:03:20][%cal Oc4c6] aiming for Rxc6!} Qe6 33. Qc3 Qh6 34. Qf3 {[%emt 0:00:29] Weighted Error Value: White=0.10 (very precise) /Black=0.05 (flawless)} 1/2-1/2

[Event "WR Chess Masters 2023"]
[Site "Duesseldorf"]
[Date "2023.02.22"]
[Round "6.1"]
[White "So, Wesley"]
[Black "Aronian, Levon"]
[Result "1/2-1/2"]
[ECO "E48"]
[WhiteElo "2766"]
[BlackElo "2736"]
[Annotator "TA"]
[PlyCount "69"]
[EventDate "2023.02.16"]
[EventCountry "GER"]
[SourceTitle "playchess.com"]
[Source "ChessBase"]
[SourceQuality "1"]
[TimeControl "40/7200:20/3600:900+30"]

1. d4 Nf6 2. c4 e6 3. Nc3 Bb4 4. e3 O-O 5. Bd3 c5 6. Nge2 Nc6 7. O-O d5 8. cxd5 exd5 9. a3 c4 {[%emt 0:00:06] E48: Nimzo-Indian: Rubinstein: 5 Bd3 d5 including 6 Ne2, but excluding 6 a3.} 10. Bxh7+ {[%emt 0:02:05] [#]} Nxh7 $146 ({Predecessor:} 10... Kxh7 11. axb4 Nxb4 12. f3 Re8 13. e4 dxe4 14. Bg5 Qb6 15. Bxf6 Qxf6 16. fxe4 Qe7 17. Nf4 Kg8 18. Qh5 Be6 19. Ra5 Nd3 20. Rg5 Rad8 21. Nxd3 cxd3 22. d5 Bc8 23. e5 {1-0 Georgiev,V (2559)-Neimer,V (2420) Chicago op 22nd 2013 (5)}) 11. axb4 Nxb4 {[%emt 0:00:04] White has an edge.} 12. b3 {[%emt 0:00:05] Hoping for bxc4.} a5 13. bxc4 dxc4 14. Rb1 Ra6 15. e4 Re8 16. d5 (16. Qd2 $5 ) 16... Bd7 17. Qd2 b5 {[%emt 0:10:22] next ...Nf6 is good for Black.} 18. Ba3 ({White should play} 18. Qd4 $11) 18... Nf6 $15 {[%emt 0:01:27] aiming for ...Nd3.} (18... Ng5 {keeps more tension.} 19. f3 f5 20. Ng3 fxe4 21. fxe4 Rf6) 19. Ng3 (19. f3 $1 $15 Qb6+ 20. Kh1) 19... Ng4 ({Better is} 19... Nd3 $17 {...b4 is the strong threat.} 20. Nxb5 Nxe4 21. Nxe4 Rxe4) 20. Bxb4 $11 axb4 21. Rxb4 Nxh2 {[%emt 0:32:53][%mdl 64] Decoy} 22. Kxh2 Qh4+ 23. Kg1 Rh6 $40 {[%emt 0:00:09][%csl Gh6][%cal Rh4h2][%mdl 128] White needs to defend precisely.} 24. Rfb1 {[%emt 0:12:01] Black must now prevent Qe3.} (24. Nxb5 $2 Qh2#) 24... Bg4 {[%emt 0:00:09] ( -> ...Qh2+)} 25. Qxh6 $1 Qxh6 26. Nxb5 Rc8 {[%emt 0:05:10] Strongly threatening ...c3.} 27. R4b2 (27. e5 $11) 27... Rb8 {[%emt 0:07:36][%mdl 1024] Black has strong compensation.} 28. Nf1 Rb6 29. Ne3 {[%emt 0:04:40] [#]} Qh5 30. d6 (30. Nxc4 $2 {is the wrong capture.} Rh6 31. f3 Bxf3 $19) ({Avoid the trap} 30. f3 $2 Bxf3 31. gxf3 Qxf3 $19) 30... Bd7 31. Nd5 {[%emt 0:00:12] [#]} Rxb5 (31... Ra6 $1 $17 32. Ndc7 Ra5) 32. Rxb5 {[%emt 0:00:04] The position is equal.} Bxb5 33. Rxb5 {[%emt 0:00:04] White wants to mate with Ne7+.} Qd1+ 34. Kh2 Qh5+ 35. Kg1 {[%emt 0:00:03] An exciting game.   Weighted Error Value: White=0.18 (very precise) /Black=0.37} 1/2-1/2

[Event "WR Chess Masters 2023"]
[Site "Duesseldorf"]
[Date "2023.02.22"]
[Round "6.2"]
[White "Gukesh D"]
[Black "Abdusattorov, Nodirbek"]
[Result "1/2-1/2"]
[ECO "A20"]
[WhiteElo "2718"]
[BlackElo "2734"]
[Annotator "TA"]
[PlyCount "84"]
[EventDate "2023.02.16"]
[EventCountry "GER"]
[SourceTitle "playchess.com"]
[Source "ChessBase"]
[SourceQuality "1"]
[TimeControl "40/7200:20/3600:900+30"]

1. c4 e5 2. g3 c6 3. d4 exd4 4. Qxd4 Nf6 5. Nf3 Na6 6. Bg2 {[%emt 0:01:15] A20: English Opening: 1...e5.} Bc5 7. Qd1 d5 8. cxd5 Qxd5 9. O-O Qxd1 10. Rxd1 {[%emt 0:00:03] [#]} Ke7 $146 ({Predecessor:} 10... O-O 11. Nc3 Bf5 12. Nd4 Bg6 13. Bg5 Rfe8 14. Bxf6 gxf6 15. Rd2 Rad8 16. Rad1 Bb4 {½-½ Cruz,C (2569)-Sokolov,I (2646) ESP-chT CECLUB Honor 2014 (2.4)}) 11. Nc3 Be6 12. Nd4 (12. Bf4 {is interesting.} Rhd8 13. Ng5 Bf5 14. Rac1) 12... Rad8 13. Be3 Ng4 14. Nxe6 Rxd1+ 15. Nxd1 ({Don't play} 15. Rxd1 Nxe3 16. fxe3 Bxe3+ 17. Kh1 fxe6 $17) 15... fxe6 16. Bg5+ Nf6 17. Nc3 Rd8 18. Rd1 Bd4 19. e3 Bxc3 20. Rxd8 Kxd8 21. bxc3 $11 {[%emt 0:00:05][%mdl 4096] Endgame KBB-KNN} Nc5 22. Kf1 e5 23. f4 Kd7 24. Bxf6 gxf6 {[%emt 0:00:05] KB-KN} 25. Bh3+ Kd6 26. Bf5 {[%emt 0:00:08] The position is equal.} h6 27. Ke2 a5 28. h4 b5 29. g4 b4 30. cxb4 axb4 31. g5 fxg5 32. fxg5 hxg5 33. hxg5 {[%emt 0:00:13] Strongly threatening Kf3.} e4 34. Kd2 (34. g6 $5 Ke7 $8 35. Kf2 $11) 34... Ke5 35. Bc8 (35. g6 $5 Kf6 $8 36. Kc2 $11) 35... Na4 36. Bd7 Nc5 37. Bc8 Na4 38. Bd7 (38. g6 $5 Kf6 $8 39. g7 Kxg7 40. Bd7 $11) 38... Nc5 39. Bxc6 Kf5 40. Kc2 Kxg5 41. Bxe4 {[%emt 0:00:09][%mdl 64] [#] Deflection} Nxe4 42. Kb3 Kf5 {[%emt 0:00:12] Weighted Error Value: White=0.05 (flawless) /Black=0.04 (flawless)} 1/2-1/2

[Event "WR Chess Masters 2023"]
[Site "Duesseldorf"]
[Date "2023.02.22"]
[Round "6.3"]
[White "Giri, Anish"]
[Black "Praggnanandhaa R"]
[Result "1/2-1/2"]
[ECO "A22"]
[WhiteElo "2780"]
[BlackElo "2690"]
[Annotator "TA"]
[PlyCount "137"]
[EventDate "2023.02.16"]
[EventCountry "GER"]
[SourceTitle "playchess.com"]
[Source "ChessBase"]
[SourceQuality "1"]
[TimeControl "40/7200:20/3600:900+30"]

1. c4 e5 2. Nc3 Bb4 3. d3 Nf6 4. Nf3 d6 5. Bd2 O-O 6. a3 {[%emt 0:06:32] A22: English Opening: 1...e5 2 Nc3 Nf6.} Bxc3 7. Bxc3 {[%emt 0:00:03] [#]} e4 $146 ({Predecessor:} 7... c6 8. g3 Nbd7 9. Bg2 Qc7 10. O-O h6 11. b4 Re8 12. Nd2 d5 13. Qb3 d4 {0-1 Haraguchi,M (1579)-Nobre,J (1704) Homs Xeque Mate op 2018 (3)}) 8. dxe4 {[%emt 0:03:42] White has an edge.} Nxe4 9. Rc1 Re8 10. e3 Nc6 11. Be2 Bg4 (11... Nxc3 {simplifies} 12. Rxc3 b6 13. O-O Bb7) 12. O-O a5 13. b3 Nxc3 14. Rxc3 Qf6 15. Qd2 Qg6 16. Nh4 Qh5 17. Bxg4 Qxg4 18. Nf3 Ne5 19. Nd4 a4 20. f3 Qd7 21. b4 c5 22. Nc2 Rac8 23. Rb1 Qe6 24. Qe2 b6 25. e4 f5 26. bxc5 bxc5 27. exf5 $1 Qxf5 28. Rd1 (28. Re3 $11) 28... Rb8 $17 29. Ne3 Qg6 30. Nd5 Nc6 31. Re3 Nd4 $1 32. Qf2 Rxe3 33. Qxe3 Qc2 34. Re1 Qxc4 35. Qe4 Qc2 $1 {[%emt 0:03:35] ...Qxe4 would be deadly.} 36. Qe7 Qd2 (36... Qg6 $17 37. Qe3 Nc6) 37. Qe4 Qc2 38. Qe7 Qd2 {[%emt 0:00:08][%cal Od4f3] aiming for ...Nxf3+!} (38... Qg6 $5 39. Nf4 Qh6 $17) 39. Qe4 Rf8 40. Nb6 (40. h3 $15) 40... h6 (40... Nc2 $1 $17 41. Re2 Qc1+ 42. Kf2 Nd4) 41. Nd7 {[%emt 0:25:59] [#]} Rf7 ({Better is} 41... Nc2 $1 $17 42. Re2 Qd4+ 43. Qxd4 Nxd4) 42. Kf1 $11 {[%emt 0:16:44] Really sharp!} Rxd7 43. Qe8+ Kh7 44. Qxd7 {[%emt 0:00:04][%mdl 4096] Endgame KQR-KQN} Qd3+ 45. Kf2 c4 46. Qxa4 c3 {[%emt 0:02:35] Hoping for ...c2.} 47. Qd1 Qc4 {[%emt 0:01:11] ...c2 is the strong threat.} 48. Ke3 Nf5+ 49. Kf2 d5 {[%emt 0:03:17] And now ...d4 would win.} 50. Qc2 {[%emt 0:06:13] Inhibits d4.} g6 51. Kg1 h5 52. a4 Qc5+ 53. Kh1 d4 54. Qd3 h4 55. g4 hxg3 56. hxg3 Nxg3+ (56... c2 $5 57. Rc1 $8 Nxg3+ 58. Kg2 Nf5 $11) 57. Kg2 Nf5 {[%emt 0:00:09] White must now prevent ...Qc7.} 58. Kf2 $2 (58. f4 $1 $11 {and White stays safe.}) 58... Qc7 {[%emt 0:00:15][%mdl 1024] ( -> ...Qh2+). Black has strong compensation.} 59. Ke2 {[%emt 0:00:49] [#]} (59. Rh1+ $142 Kg7 60. Rg1) 59... Qh2+ $2 ({Black should try} 59... Qe7+ $1 $19 60. Kd1 Qa3) 60. Kd1 {[%emt 0:00:00] The position is equal.} Qa2 61. Qc2 Qa1+ 62. Ke2 Qa3 63. Kd3 Kg7 64. Re5 Qd6 65. f4 Qa6+ 66. Rb5 Nd6 {[%emt 0:03:34][%mdl 64] Pin} 67. Kxd4 {[%emt 0:00:18] Threatens to win with Rb4.} Nxb5+ 68. axb5 Qxb5 69. Qxc3 {[%emt 0:00:12] Weighted Error Value: White=0.12 (very precise) /Black=0.14 (very precise)} 1/2-1/2

[Event "WR Chess Masters 2023"]
[Site "Duesseldorf"]
[Date "2023.02.22"]
[Round "6.4"]
[White "Nepomniachtchi, Ian"]
[Black "Esipenko, Andrey"]
[Result "1/2-1/2"]
[ECO "E36"]
[WhiteElo "2793"]
[BlackElo "2675"]
[Annotator "TA"]
[PlyCount "175"]
[EventDate "2023.02.16"]
[EventCountry "GER"]
[SourceTitle "playchess.com"]
[Source "ChessBase"]
[SourceQuality "1"]
[TimeControl "40/7200:20/3600:900+30"]

1. d4 Nf6 2. c4 e6 3. Nc3 Bb4 4. Qc2 d5 5. a3 Bxc3+ 6. Qxc3 O-O 7. cxd5 Ne4 8. Qc2 $1 exd5 9. Bf4 Bf5 ({But not} 9... Qh4 10. e3 $14) 10. Qxc7 Qxc7 11. Bxc7 Rc8 12. Bf4 Nc6 13. f3 Nf6 14. g4 Nxd4 15. Rd1 Ne6 16. gxf5 Nxf4 17. e3 N4h5 18. Ne2 Rc2 19. Rd2 Rxd2 20. Kxd2 Ne8 21. Nd4 Nhf6 22. Bd3 Rc8 23. Re1 Nd7 24. Bb1 Nd6 25. Ba2 Nf6 26. Ke2 Kf8 27. Kf2 Ke7 28. Kg3 Rc5 29. Rd1 Nh5+ 30. Kf2 Nf6 31. Bb3 Nb5 32. Ne2 Nd6 33. Nc3 Nxf5 34. Nxd5+ Nxd5 35. Rxd5 Rxd5 36. Bxd5 b6 37. f4 Nh6 38. h3 f6 39. e4 Nf7 40. Kf3 g6 41. h4 Nd6 42. Ke3 h6 43. Kf3 Ne8 44. Bg8 Ng7 45. Bc4 g5 46. hxg5 hxg5 47. fxg5 fxg5 48. e5 Nf5 $1 49. Bd5 Kd7 50. Ba2 Ne7 {[%emt 0:05:50] [#]} (50... Nd4+ $11 51. Ke4 Nc6) 51. Kg4 (51. e6+ $1 $16 Ke8 52. Kg4) 51... Nc6 $11 52. Kf5 g4 53. Be6+ Kd8 $1 54. Kf6 (54. Kf4 $5) 54... g3 55. Bh3 (55. Bd5 $5 Ne7 $8 56. Bf3 $14) 55... Ne7 56. b4 Nd5+ 57. Kf7 $1 Ne7 ({Don't play} 57... Nf4 58. e6 Nd5 59. b5 $14) 58. b5 Nd5 59. Bg2 Ne7 60. Ke6 Nc8 61. Be4 Kc7 62. Bf3 Kd8 63. Bg2 Kc7 64. Kf7 (64. a4 $5) 64... Kd8 65. a4 Ne7 66. Ke6 $1 Nc8 67. Kf5 Ne7+ 68. Kf6 Kd7 69. Be4 Kd8 70. Ke6 Nc8 71. Kf7 (71. Kf5 $5) 71... Ne7 72. Bg2 (72. e6 $5) 72... Kd7 73. Bh3+ Kd8 74. e6 Nd5 75. Bg2 Ne7 76. Kf6 Ng8+ 77. Kg7 Ke7 78. Kxg8 Kxe6 79. Bf1 (79. Kg7 $5 Kd6 $8 80. Kg6 $11) 79... Kd6 80. Kf7 (80. Kg7 $5 Kc5 $8 81. Kh6 $11) 80... Kc5 $1 81. Ke6 (81. Kf6 $5 Kb4 $8 82. Bh3 $11) 81... Kb4 82. Kd5 Kxa4 83. Kc6 Ka5 84. Kb7 g2 85. Bxg2 Kxb5 86. Kxa7 Ka5 87. Bf1 b5 88. Bxb5 1/2-1/2

[Event "WR Chess Masters 2023"]
[Site "Duesseldorf"]
[Date "2023.02.22"]
[Round "6.5"]
[White "Duda, Jan-Krzysztof"]
[Black "Keymer, Vincent"]
[Result "1/2-1/2"]
[ECO "C90"]
[WhiteElo "2729"]
[BlackElo "2690"]
[Annotator "TA"]
[PlyCount "148"]
[EventDate "2023.02.16"]
[EventCountry "GER"]
[SourceTitle "playchess.com"]
[Source "ChessBase"]
[SourceQuality "1"]
[TimeControl "40/7200:20/3600:900+30"]

1. e4 e5 2. Nf3 Nc6 3. Bb5 a6 4. Ba4 Nf6 5. O-O Be7 6. d3 b5 7. Bb3 d6 8. a4 Bd7 9. c3 O-O 10. Bc2 Re8 11. Re1 h6 12. Nbd2 Bf8 13. Nf1 {[%emt 0:03:20] C90: Closed Ruy Lopez with 7...d6: Early deviations.} b4 14. a5 Rb8 15. Ne3 {[%emt 0:07:24] [#]} Rb5 $146 ({Predecessor:} 15... bxc3 16. bxc3 Na7 17. Bb3 Be6 18. Ba4 Bd7 19. Bb3 Be6 20. Ba4 Bd7 21. Bd2 Bxa4 22. Qxa4 {0-1 Baklan,V (2610)-Iordachescu,V (2641) ROM-chT Mamaia 2012 (6.2)}) 16. Ba4 Rxa5 17. Nc4 Rc5 18. Be3 Rb5 19. Bxb5 axb5 20. Ncd2 d5 21. Qc2 bxc3 22. bxc3 b4 {[%emt 0:00:03] Strongly threatening ...bxc3.} 23. Ba7 $1 bxc3 24. Qxc3 d4 25. Qb3 Bb4 26. Rec1 {[%emt 0:01:03][%cal Oc1c6] [#] And now Rxc6! would win.} Bc3 27. Rxc3 dxc3 28. Qxc3 Qe7 29. Bc5 Qe6 30. h3 Bc8 31. Be3 Bb7 32. Qb2 {[%emt 0:02:28] White is more active.} Bc8 33. Ra3 Nd7 34. Qb5 Nf8 35. Kh2 f6 36. Nb3 Qd6 37. Nc5 Ne6 38. Nh4 {[%emt 0:02:08][%cal Bf3h4,Bh4f5,Bf5e7,Be7d5,Bd5b6,Bb6c4][%mdl 32] [#] aiming for Nf5.} Nxc5 39. Bxc5 Qd7 40. Nf5 Nd8 41. Qc4+ Qe6 42. Ne7+ Kh7 43. Nd5 c6 44. Nb6 Qxc4 45. Nxc4 Nb7 46. Be3 Be6 47. Nb6 Re7 48. Kg3 Kg6 49. Kf3 Kf7 50. Ke2 h5 51. Rc3 Nd8 52. Na4 Bc8 53. Rb3 {[%emt 0:05:48] Threatens to win with Rb8.} Ne6 54. Rb6 Rc7 55. Nc5 Nxc5 56. Bxc5 $11 {[%emt 0:00:06][%mdl 4096] Endgame KRB-KRB} Bd7 57. Rb8 Be6 58. h4 Rc8 59. Rb7+ Kg8 60. Ke3 Ra8 61. Re7 Bb3 62. Rc7 Ba4 63. f3 Bb5 {[%emt 0:00:40] The position is equal.} 64. g4 hxg4 65. fxg4 Re8 66. Rd7 Kh7 67. Kf3 Ba4 68. h5 Kg8 69. Kg3 Bb3 70. Kh4 Be6 71. Rd6 Kf7 72. g5 fxg5+ 73. Kxg5 Rb8 74. Rxc6 {[%emt 0:04:05] Hoping for Rc7+.} Rc8 {[%emt 0:00:16] Against Rc7+.   Weighted Error Value: White=0.05 (flawless) /Black=0.05 (flawless)} 1/2-1/2